 Dungeon Crawl Stone Soup version 0.32-a0-799-g95e1662365 (webtiles) character file.

Game seed: 14797986998790374843

59 croobank the Grave Robber (level 3, -2/28 HPs)
             Began as a Demigod Necromancer on Mar 21, 2024.
             Slain by a ribbon worm (8 damage)
             ... on level 1 of the Dungeon.
             The game lasted 00:05:30 (1126 turns).

croobank the Grave Robber (Demigod Necromancer)     Turns: 1126, Time: 00:05:31

Health: -2/28      AC:  2    Str:  5    XL:     3   Next: 54%
Magic:  0/8        EV: 11    Int: 23    God:
Gold:   26         SH:  0    Dex: 16    Spells: 3/6 levels left

rFire   . . .        k - +6 short sword "Raefare" {flame, Str-4 Int+2 Dex+2}
rCold   . . .        (no shield)
rNeg    . . .        a - +0 robe
rPois   .            (no helmet)
rElec   .            (no cloak)
rCorr   .            (no gloves)
SInv    .            (no boots)
Will    .....        (no amulet)
Stlth   ++           (no ring)
HPRegen 0.24/turn    (no ring)
MPRegen 0.11/turn

%: no passive effects
@: no status effects
A: high MP 1, forlorn, divine attributes
a: no special abilities


You were on level 1 of the Dungeon.
You visited 1 branch of the dungeon, and saw 2 of its levels.

You collected 107 gold pieces.
You spent 81 gold pieces at shops.

Inventory:

Hand Weapons
 c - a +0 hand axe
 d - a +0 dagger
 f - a +0 sling
 k - the +6 short sword "Raefare" (weapon) {flame, Str-4 Int+2 Dex+2}
   (You found it on level 2 of the Dungeon)

   Str-4:     It affects your strength (-4).
   Int+2:     It affects your intelligence (+2).
   Dex+2:     It affects your dexterity (+2).
Armour
 a - a +0 robe (worn)
Magical Staves
 e - a staff of death
Jewellery
 i - a ring of poison resistance
Scrolls
 j - 2 scrolls of revelation
 l - a scroll of identify {unknown}
Potions
 b - a potion of mutation {unknown}
 g - a potion of brilliance {unknown}
 h - a potion of lignification {unknown}


   Skills:
 * Level 1.4 Fighting
 + Level 2.3 Dodging
 + Level 2.2 Stealth
 + Level 2.1 Spellcasting
 + Level 3.8 Necromancy
 + Level 0.2 Translocations


You had 3 spell levels left.
You knew the following spells:

 Your Spells              Type           Power      Damage    Failure   Level
a - Necrotise             Necr           80%        1d8       2%          1
B - Blink                 Tloc           6%         N/A       17%         2

Your spell library contained the following spells:

 Spells                   Type           Power      Damage    Failure   Level
 Vampiric Draining        Necr           20%        2d7       8%          3
 Magic Dart               Conj           8%         1d3       13%         1
 Call Imp                 Summ           4%         N/A       19%         2
 Animate Dead             Necr           20%        N/A       26%         4
 Curse of Agony           Necr           20%        N/A       58%         5


Dungeon Overview and Level Annotations

Branches:
Dungeon (2/15)

Shops:
D:2 *


Innate Abilities, Weirdness & Mutations

You have an increased reservoir of magic. (+10% MP)
You shall have no god before yourself.
Your divine heritage dramatically boosts your attributes as you level up.


Message History

Press: ? - help, Shift-Dir - straight line, f - ribbon worm
Aim: a ribbon worm (chance to affect: 88%)
You feel a surge of power!
The ribbon worm writhes in agony.
The ribbon worm bites you. The dart slug launches a dart at you.
The slug dart hits you.
* * * LOW HITPOINT WARNING * * *
The goblin hits you with a +0 dagger.
* * * LOW HITPOINT WARNING * * *
The ribbon worm closely misses you.
You climb upwards.
There is a stone staircase leading down here.
The ribbon worm attacks as it pursues you!
The ribbon worm barely misses you.
Okay, then.
Okay, then.
Okay, then.
Casting: Necrotise (safe; 3% risk of failure)
Confirm with . or Enter, or press ? or * to list all spells.
Aiming: Necrotise (safe; 3% risk of failure)
Press: ? - help, Shift-Dir - straight line, f - ribbon worm
Aim: a ribbon worm (chance to affect: 88%)
You feel a surge of power!
The ribbon worm writhes in agony.
The ribbon worm expels a string of sticky webbing.
The stream of webbing misses you.
Casting: Necrotise (safe; 3% risk of failure)
Confirm with . or Enter, or press ? or * to list all spells.
Aiming: Necrotise (safe; 3% risk of failure)
Press: ? - help, Shift-Dir - straight line, f/p - ribbon worm
Aim: a ribbon worm (lightly wounded, catching its breath, chance to affect: 88%)
You feel a surge of power!
The ribbon worm writhes in agony!
The ribbon worm misses you.
You feel weaker.
You feel clever.
You feel agile.
The +6 short sword "Raefare" {flame, Str-4 Int+2 Dex+2} bursts into flame!
k - the +6 short sword "Raefare" (weapon)
{flame, Str-4 Int+2 Dex+2} You hit the ribbon worm.
You burn the ribbon worm.
The ribbon worm is severely wounded.
The ribbon worm bites you!
You die...

.### #..###.##......# #.# #
.# #..# #..#####..# #.# # .#
##.###..# #.)#####.####### .#
#......# #............... .#
#####.##.#####..#.....#...###
.#
#...........)#..##.#(##..##
## #.###......gw.....###...##
#####.##########w#..##.#)##.#
.....#.## #@#..#..†..#.#
###.###.## #.#....###...#
##.## ##.### #.#..### #..##
..## ##..# #.#..# #.## ##.##
##.#.#####.#..# #.#
#...###....(........# #.#
#.##.#...........#### #.#
#.###.####.####### #.# ..#
### #.# ##### #.#


You could see a ribbon worm (catching breath), a dart slug and a goblin.

Vanquished Creatures
  2 gnolls
  3 dart slugs
  4 bats
  2 endoplasms (D:1)
  2 giant cockroaches (D:1)
  3 hobgoblins (D:1)
  5 jackals
  A kobold (D:1)
  2 ball pythons (D:1)
  2 frilled lizards
  A goblin (D:1)
  4 rats
31 creatures vanquished.

Vanquished Creatures (collateral kills)
  A jackal (D:2)
  A ball python (D:1)
2 creatures vanquished.

Grand Total: 33 creatures vanquished

Notes
Turn   | Place    | Note
-------+----------+-------------------------------------------
     0 | D:1      | croobank the Demigod Necromancer began the quest for the
                  | Orb.
     0 | D:1      | Reached XP level 1. HP: 14/14 MP: 5/5
   151 | D:1      | Reached XP level 2. HP: 21/22 MP: 7/7
   412 | D:1      | Reached skill level 1 in Fighting
   692 | D:1      | Learned a level 2 spell: Blink
   866 | D:2      | Reached XP level 3. HP: 28/28 MP: 5/8
   871 | D:2      | Found Lorghon's Assorted Antiques.
   875 | D:2      | Bought 3 scrolls labelled CUCUACKOTIX for 81 gold pieces
   971 | D:2      | Identified the +6 short sword "Raefare" {flame, Str-4 Int+2
                  | Dex+2}
  1126 | D:1      | Slain by a ribbon worm

Illustrated notes

Levels and vault maps discovered:
D:1:      amcnicky_arrival_double_pillar, layout_loops_ring, minmay_tall_x
D:2:      layout_basic, serial_shops, shop, lexackson_kobold_supper

Skill      XL: |  1  2 |
---------------+-------+-----
Dodging        | 2 |  2.3
Stealth        | 2 |  2.2
Spellcasting   | 2 |  2.1
Fighting       | 1 |  1.4
Necromancy     | |  3.8
Translocations | |  0.2

Action                     || total
---------------------------++-------
  Melee: Hand axe          ||    14
         Dagger            ||     4
         Short sword       ||     6
   Cast: Necrotise         ||    46
    Use: Potion            ||     1
         Scroll            ||     1
   Stab: Sleeping          ||     3
 Armour: Robe              ||    39
  Dodge: Dodged            ||    39

Table legend: (Time is in decaauts)
 A = Elapsed time spent in this place.
 B = Non-inter-level travel time spent in this place.
 C = Inter-level travel time spent in this place.
 D = Time resting spent in this place.
 E = Time spent auto-exploring this place.
 F = Levels seen in this place.
 G = Mean time per level.
                   A        B        C        D        E       F      G
               +--------+--------+--------+--------+--------+-----+--------+
         Total |   1128 |   1088 |     40 |     72 |    738 |   2 |  564.0 |
       Dungeon |   1128 |   1088 |     40 |     72 |    738 |   2 |  564.0 |
               +--------+--------+--------+--------+--------+-----+--------+

Top non-repeatable levels by time:
     D:1: 865 daAuts
     D:2: 263 daAuts
